 Dungeon Crawl Stone Soup version 0.29-a0-648-g6b26cc9f40 (webtiles) character file.

Game seed: 15101858424178693432

8257 DocClef the Bludgeoner (level 11, -5/94 HPs)
             Began as a Minotaur Gladiator on June 20, 2022.
             Was a Priest of Hepliaklqana.
             Succumbed to a death drake's dark miasma
             ... in a Gauntlet.
             The game lasted 00:10:37 (10743 turns).

DocClef the Bludgeoner (Minotaur Gladiator)        Turns: 10743, Time: 00:10:38

Health: -5/94      AC: 11    Str: 22    XL:     11   Next: 7%
Magic:  2/10       EV: 16    Int:  5    God:    Hepliaklqana [***...]
Gold:   678        SH:  0    Dex: 13    Spells: 10/10 levels left

rFire   . . .      SeeInvis +   B - +8 great mace "Ymyalaxt" {vorpal, SInv}
rCold   . . .      Faith    .   (shield currently unavailable)
rNeg    . . .      Spirit   +   h - +0 ring mail
rPois   .          Reflect  .   c - +2 hat
rElec   .          Harm     .   u - +2 cloak
rCorr   +          Rampage  .   q - +0 pair of gloves
Will    .....      NoTele   +   (no boots)
Stlth   +.........              k - amulet of guardian spirit
HPRegen 0.25/turn               I - +4 ring of evasion
MPRegen 0.12/turn               i - ring of resist corrosion

@: lethally poisoned (-5 -> -106), slowed, very slow
A: reduced essence, horns 2, retaliatory headbutt
a: Renounce Religion, Recall Ancestor, Ancestor Identity, Transference


You were in a Gauntlet.
You worshipped Hepliaklqana.
Hepliaklqana was most pleased with you.
You visited 3 branches of the dungeon, and saw 12 of its levels.
You also visited: Gauntlet.

You collected 678 gold pieces.

Inventory:

Hand Weapons
 a - a +1 war axe of venom
 y - a +2 morningstar of draining
 B - the +8 great mace "Ymyalaxt" (weapon) {vorpal, SInv}
   (You found it in a Gauntlet)

   It inflicts extra damage upon your enemies.
   SInv:      It lets you see invisible.
Missiles
 d - 4 throwing nets (quivered)
 e - a javelin
Armour
 c - a +2 hat (worn)
 h - a +0 ring mail (worn)
 q - a +0 pair of gloves (worn)
 u - a +2 cloak (worn)
Jewellery
 i - a ring of resist corrosion (right hand)
 k - an amulet of guardian spirit (around neck)
 r - a +6 ring of intelligence
 t - a ring of see invisible
 z - a ring of magical power
 A - an amulet of magic regeneration
 I - a +4 ring of evasion (left hand)
Wands
 o - a wand of polymorph (8)
 v - a wand of iceblast (9)
 H - a wand of digging (5)
Scrolls
 b - a scroll of brand weapon {unknown}
 l - 2 scrolls of teleportation
 m - 2 scrolls of fog
 n - 6 scrolls of identify
 p - 2 scrolls of enchant weapon
 s - 3 scrolls of enchant armour
 w - a scroll of summoning
 x - 2 scrolls of amnesia {unknown}
 C - a scroll of magic mapping
 G - a scroll of fear
Potions
 f - a potion of heal wounds
 g - a potion of attraction
 j - 6 potions of flight
 E - 2 potions of haste


   Skills:
 + Level 12.6 Fighting
 - Level 3.6(11.0) Axes
 + Level 15.9(16.1) Maces & Flails
 - Level 2.0 Throwing
 - Level 3.2 Dodging


You had 10 spell levels left.
You didn't know any spells.
Your spell library contained the following spells:

 Spells                   Type           Power      Damage    Failure   Level
 Beastly Appendage        Tmut           0%         N/A       65%         1
 Wereblood                Tmut           0%         N/A       78%         2
 Conjure Flame            Conj/Fire      0%         6-21      95%         3
 Ignite Poison            Fire/Tmut/Pois 0%         N/A       95%         3
 Mephitic Cloud           Conj/Pois/Air  0%         N/A       95%         3
 Spider Form              Tmut/Pois      0%         N/A       95%         3
 Anguish                  Hex/Necr       0%         N/A       100%        4
 Cause Fear               Hex            0%         N/A       100%        4
 Flame Wave               Conj/Fire      0%         2d4       100%        4
 Freezing Cloud           Conj/Ice/Air   0%         6-21      100%        5
 Enfeeble                 Hex            0%         N/A       100%        7


Dungeon Overview and Level Annotations

Branches:
Dungeon (9/15)             Temple (1/1) D:5            Lair (2/6) D:9
Gauntlet (1/1)
  Swamp: Lair:2-4    Shoals: Lair:2-4     Snake: Lair:2-4    Spider: Lair:2-4
    Orc: D:9-12

Altars:
Ashenzari
Cheibriados
Dithmenos
Elyvilon
Fedhas
Gozag
Hepliaklqana
Kikubaaqudgha
Makhleb
Nemelex Xobeh
Okawaru
Qazlal
Ru
Sif Muna
Trog
Uskayaw
Vehumet
Wu Jian
Xom
Yredelemnul
Zin
The Shining One

Portals:
Volcano: Lair:2

Annotations:
D:7 3 runed translucent doors, Dordric's ghost, novice HOFi Gauntlet 4 transporters


Innate Abilities, Weirdness & Mutations

Your life essence is reduced to manifest your ancestor. (-10% HP)
You have a pair of horns on your head.
You reflexively headbutt those who attack you in melee.


Message History

You are lethally poisoned!
Ealamassi emerges from the mists of memory!
You feel extremely sick.
The death scarab waves its antennae.
The death drake bites you. x2
* * * LOW HITPOINT WARNING * * *
You feel much better.
You are engulfed in dark miasma.
You are lethally poisoned!
* * * LOW HITPOINT WARNING * * *
You feel extremely sick. The death drake breathes miasma at you.
The foul vapour engulfs you!
You are more poisoned.
* * * LOW HITPOINT WARNING * * *
Ealamassi gestures at the death drake while chanting.
The stone arrow hits the death drake!!
The death drake completely misses you.
You feel much better.
You are engulfed in dark miasma.
You are more poisoned.
* * * LOW HITPOINT WARNING * * *
You feel extremely sick.
The boggart zombie completely misses you.
The death drake bites you. The boggart zombie barely misses you.
You furiously retaliate!
You headbutt the boggart zombie!
Ealamassi points at the death drake and mumbles some strange words.
The puff of frost hits the death drake.
The death drake bites you but does no damage.
You feel much better.
* * * LOW HITPOINT WARNING * * *
You feel extremely sick. The death drake closely misses you.
The boggart zombie completely misses you.
You furiously retaliate!
You headbutt the boggart zombie! The death drake breathes miasma at you.
The foul vapour engulfs you.
You are more poisoned.
* * * LOW HITPOINT WARNING * * *
You feel much better.
You are engulfed in dark miasma.
You are more poisoned.
* * * LOW HITPOINT WARNING * * *
You die...

...........≈8≈...........
...........≈............
#########...###########
."©??..#...####....^## #
....#.#...#^#..##†#.# .©#
####..#...##..##.##.#
###..##.##.°#.###.###©†#.##
..#....©°°°°#.#©#©.####.###
..#..##.##@R#.#.#.^###.#..#
..#..#####kZ#.#.#.##.#.#.##
..#.#....Z#Z#.#.#^...#^.#.#
..#.........#.#.##.#.####.#
..#############.###########
§§....#©........#≈§§≈8§≈≈§#
§§....#########.###########
####..........#.#B.......Z#
#8#..........#.#..##^##..#


You could see the friendly Ealamassi the battlemage, a death drake (catching
breath, ally target), a death scarab, 2 boggart zombies and a centaur warrior
zombie.

Vanquished Creatures
  A fire dragon (Lair:1)
  Sonja (Lair:2)
  A black mamba (Lair:1)
  2 rime drakes
  A queen bee (Gauntlet)
  A wolf spider simulacrum (Gauntlet)
  A wyvern (D:9)
  2 centaur simulacra (Gauntlet)
  4 yaks
  A meliai simulacrum (Gauntlet)
  2 black bears
  2 orc warriors
  4 ogres
  3 wolves (Lair:1)
  2 centaurs
  3 phantoms
  2 kobold brigands (D:8)
  7 bullfrogs
  A necrophage (D:6)
  3 wights (D:8)
  4 killer bees (Gauntlet)
  A howler monkey (D:8)
  A wyvern simulacrum (Gauntlet)
  4 orc priests
  3 hounds
  2 jellies (D:7)
  Crazy Yiuf (D:4)
  2 iguanas
  Ijyb (D:5)
  6 orc wizards
  4 gnolls
  11 adders
  A white imp (D:7)
  2 worms
  20 orcs
  5 ball pythons
  5 bats
  3 endoplasms
  6 giant cockroaches
  7 goblins
  7 hobgoblins
  11 kobolds
  2 quokkas
  6 frilled lizards
  5 rats
164 creatures vanquished.

Vanquished Creatures (collateral kills)
  A cane toad (Lair:1)
  A wyvern (Lair:2)
  4 yaks
  A steam dragon (D:9)
  A water moccasin (D:9)
  A centaur (D:9)
  A scorpion (D:6)
  2 bullfrogs
  A killer bee (Gauntlet)
  A lava snake (Lair:1)
  2 orc wizards (D:9)
  An orc (D:8)
  5 kobolds (D:8)
22 creatures vanquished.

Vanquished Creatures (others)
  2 battlemagi (Gauntlet)
  8 fungi
  16 plants
26 creatures vanquished.

Grand Total: 212 creatures vanquished

Notes
Turn   | Place    | Note
-------+----------+-------------------------------------------
     0 | D:1      | DocClef the Minotaur Gladiator began the quest for the Orb.
     0 | D:1      | Reached XP level 1. HP: 18/18 MP: 0/0
   258 | D:1      | Reached XP level 2. HP: 25/26 MP: 1/1
   449 | D:1      | Found a faded altar of an unknown god.
  1223 | D:2      | Reached XP level 3. HP: 32/34 MP: 2/2
  1900 | D:3      | Reached skill level 5 in Fighting
  2367 | D:3      | Reached XP level 4. HP: 38/42 MP: 3/3
  2924 | D:4      | Noticed a black bear
  2932 | D:4      | Killed a black bear
  2933 | D:4      | Reached XP level 5. HP: 33/52 MP: 4/4
  3441 | D:4      | Noticed a phantom
  3458 | D:4      | Killed a phantom
  3459 | D:4      | Reached XP level 6. HP: 35/61 MP: 5/5
  3803 | D:4      | Found a runed translucent door.
  3804 | D:4      | Noticed Crazy Yiuf
  3811 | D:4      | Killed Crazy Yiuf
  3941 | D:5      | Entered Level 5 of the Dungeon
  3941 | D:5      | Noticed Ijyb
  3959 | D:5      | Killed Ijyb
  4192 | D:5      | Reached XP level 7. HP: 52/70 MP: 6/6
  4326 | D:5      | Found a staircase to the Ecumenical Temple.
  4351 | Temple   | Entered the Ecumenical Temple
  4511 | Temple   | Became a worshipper of Hepliaklqana the Forgotten
  4827 | D:5      | Reached skill level 10 in Fighting
  5336 | D:6      | Reached skill level 1 in Maces & Flails
  5341 | D:6      | Reached skill level 2 in Maces & Flails
  5341 | D:6      | Reached XP level 8. HP: 11/82 MP: 7/7
  5658 | D:6      | Reached * piety under Hepliaklqana
  5819 | D:6      | Reached skill level 3 in Maces & Flails
  5921 | D:6      | Reached skill level 4 in Maces & Flails
  6472 | D:6      | Reached skill level 5 in Maces & Flails
  6781 | D:7      | Found a runed translucent gate.
  6782 | D:7      | Found a runed translucent gate.
  6783 | D:7      | Found a runed translucent gate.
  6784 | D:7      | Noticed Dordric's ghost (novice HOFi)
  6833 | D:7      | Reached skill level 6 in Maces & Flails
  6957 | D:7      | Reached ** piety under Hepliaklqana
  6958 | D:7      | Remembered your ancestor Ealamassi as a battlemage
  7413 | D:8      | Reached skill level 7 in Maces & Flails
  7462 | D:8      | Reached XP level 9. HP: 75/81 MP: 8/8
  7517 | D:8      | Reached skill level 8 in Maces & Flails
  7633 | D:8      | Reached skill level 9 in Maces & Flails
  7840 | D:9      | Reached skill level 10 in Maces & Flails
  7934 | D:9      | Reached skill level 11 in Maces & Flails
  8463 | D:9      | Got Durph's Reference Book on Ignition and Curses
  8519 | D:9      | Found an iron altar of Okawaru.
  8624 | D:9      | Reached skill level 12 in Maces & Flails
  8718 | D:9      | Reached *** piety under Hepliaklqana
  8754 | D:9      | Found a staircase to the Lair.
  8962 | Lair:1   | Entered Level 1 of the Lair of Beasts
  8986 | Lair:1   | Noticed a cane toad
  8991 | Lair:1   | Killed a cane toad
  8992 | Lair:1   | Reached XP level 10. HP: 87/87 MP: 9/9
  9007 | Lair:1   | Noticed a black mamba
  9014 | Lair:1   | Killed a black mamba
  9017 | Lair:1   | Reached skill level 13 in Maces & Flails
  9529 | Lair:1   | Reached skill level 14 in Maces & Flails
 10071 | Lair:1   | Noticed a fire dragon
 10082 | Lair:1   | Killed a fire dragon
 10551 | Lair:2   | Noticed Sonja
 10554 | Lair:2   | Killed Sonja
 10555 | Lair:2   | Reached skill level 15 in Maces & Flails
 10560 | Lair:2   | Found a dark tunnel.
 10598 | Lair:2   | Found a gate leading to a gauntlet.
 10625 | Gauntlet | Entered a Gauntlet
 10625 | Gauntlet | Found a transporter.
 10625 | Gauntlet | Found a transporter.
 10629 | Gauntlet | Found a transporter.
 10633 | Gauntlet | Found a transporter.
 10634 | Gauntlet | Identified the +8 great mace "Ymyalaxt" {vorpal, SInv}
 10642 | Gauntlet | Reached XP level 11. HP: 94/94 MP: 10/10
 10663 | Gauntlet | Found a transporter.
 10689 | Gauntlet | Found a transporter.
 10710 | Gauntlet | Noticed a death drake
 10720 | Gauntlet | Noticed a death scarab
 10723 | Gauntlet | Found a transporter.
 10725 | Gauntlet | Found a transporter.
 10733 | Gauntlet | Found a transporter.
 10743 | Gauntlet | Succumbed to a death drake's dark miasma

Illustrated notes

Levels and vault maps discovered:
D:1:      onia_arrival_pentagram, layout_loops_ring, basic_ecumenical_altar
D:2:      layout_basic, minmay_octomino_j4
D:3:      layout_rooms, wander_ebering_terrifying_dragon_lair
D:4:      layout_loops_ring, grunt_tough_drop, uniq_crazy_yiuf_cottage
D:5:      layout_basic, minmay_temple_entry_statues, kennysheep_generic_room_6,
          uniq_ijyb
D:6:      layout_basic
D:7:      layout_loops_cross, gammafunk_ghost_necromancy,
          chequers_serial_rivers_large_a, minmay_misc_feat_ornament
D:8:      layout_rooms, kennysheep_generic_room_8
D:9:      layout_small_grid, mainiacjoe_overflow_alcove_4, lair_entry_dummy
Temple:   kilobyte_greek_temple
Lair:1:   dragon1_lemuel, layout_hall_layers
Lair:2:   beast_lair_carwin_large_1, layout_loops_ring,
          nicolae_volcano_entry_lava_flow, gauntlet_entry_generic, minivault_25,
          chequers_serial_rivers_room_a, serial_bayou_shore_b, uniq_sonja
Gauntlet: gammafunk_gauntlet_branching [gammafunk_gauntlet_arena_grid,
          nicolae_gauntlet_arena_t_cross, nicolae_gauntlet_arena_quarters,
          gammafunk_gauntlet_arena_mazey,
          gammafunk_gauntlet_arena_split_diamond, nicolae_gauntlet_arena_x,
          nicolae_gauntlet_arena_blocks, gammafunk_gauntlet_arena_hedges,
          dreamdust_gauntlet_exit_labyrinth]

Skill      XL: |  1  2  3  4  5  6  7  8  9 10 |
---------------+-------------------------------+-----
Fighting       | 3 4 5 7 8 9 11 12 | 12.6
Maces & Flails | 2 7 12 15 | 15.9
Axes           | |  3.6
Throwing       | |  2.0
Dodging        | |  3.2

Action                   |  1- 3 |  4- 6 |  7- 9 | 10-12 || total
-------------------------+-------+-------+-------+-------++-------
Melee: War axe           |    91 |   118 |    28 |       ||   237
       Headbutt          |    12 |    16 |    21 |    13 ||    62
       Punch             |     1 |     3 |       |       ||     4
       Morningstar       |       |       |   132 |    46 ||   178
       Great mace        |       |       |       |    17 ||    17
Invok: Ancestor Life: Ba |       |       |     1 |       ||     1
  Use: Scroll            |    11 |     1 |     3 |     1 ||    16
       Potion            |       |     4 |       |    12 ||    16
 Stab: Distracted        |       |       |     1 |     1 ||     2
Armor: Leather armour    |    12 |       |       |       ||    12
       Ring mail         |    18 |    51 |    67 |    22 ||   158
Dodge: Dodged            |    57 |    68 |   102 |    51 ||   278

Table legend: (Time is in decaauts)
 A = Elapsed time spent in this place.
 B = Non-inter-level travel time spent in this place.
 C = Inter-level travel time spent in this place.
 D = Time resting spent in this place.
 E = Time spent auto-exploring this place.
 F = Levels seen in this place.
 G = Mean time per level.
                   A        B        C        D        E       F      G
               +--------+--------+--------+--------+--------+-----+--------+
         Total |  10824 |  10440 |    384 |   1407 |   7666 |  13 |  832.6 |
       Dungeon |   8848 |   8577 |    271 |    874 |   6613 |   9 |  983.1 |
        Temple |    198 |    161 |     37 |      0 |    152 |   1 |  198.0 |
          Lair |   1662 |   1586 |     76 |    532 |    890 |   2 |  831.0 |
      Gauntlet |    115 |    115 |      0 |      0 |     11 |   1 |  115.0 |
               +--------+--------+--------+--------+--------+-----+--------+

Top non-repeatable levels by time:
  Lair:1: 1590 daAuts
     D:5: 1447 daAuts
     D:9: 1130 daAuts
     D:2: 1070 daAuts
     D:4: 1068 daAuts
     D:3: 997 daAuts
     D:6: 991 daAuts
     D:1: 839 daAuts
     D:7: 782 daAuts
     D:8: 520 daAuts
  Temple: 198 daAuts
Gauntlet: 115 daAuts
  Lair:2: 71 daAuts
